 Dungeon Crawl Stone Soup version 0.23.0-3-gf3c87f2 (webtiles) character file.

Game seed: 17158264482714935715

573 xccam the Insei (level 7, -1/43 HPs)
             Began as an Octopode Transmuter on Feb 21, 2019.
             Slain by a worker ant (5 damage)
             ... on level 4 of the Dungeon.
             The game lasted 00:06:33 (3057 turns).

xccam the Insei (Octopode Transmuter)               Turns: 3057, Time: 00:06:34

Health: -1/43      AC:  1    Str: 10    XL:     7   Next: 34%
Magic:  8/10       EV: 13    Int: 16    God:
Gold:   180        SH:  0    Dex: 13    Spells: 7/10 levels left

rFire    . . .     SeeInvis .     - Unarmed
rCold    . . .     Gourm    .   (no shield)
rNeg     . . .     Faith    .   (helmet restricted)
rPois    .         Spirit   .   (no amulet)
rElec    .         Reflect  .   f - ring of flight
rCorr    .         Harm     .   (no ring)
MR       .....                  (no ring)
Stlth    ++........             (no ring)
HPRegen  0.14/turn              (no ring)
MPRegen  0.12/turn              (no ring)
                                (no ring)
                                (no ring)

@: no status effects
A: almost no armour, stealthy swim, amphibious, 8 rings, constrict 8, camouflage
1, gelatinous body 1
a: Evoke Flight


You were on level 4 of the Dungeon.
You were not hungry.

You visited 1 branch of the dungeon, and saw 4 of its levels.

You collected 180 gold pieces.

Inventory:

Missiles
 a - an arrow
Jewellery
 f - a ring of flight (left tentacle)
Scrolls
 b - 2 scrolls of noise {unknown}
 d - 2 scrolls of fog {unknown}
 e - 2 scrolls of remove curse {unknown}
 g - 3 scrolls of teleportation {unknown}
 i - a scroll of enchant armour {unknown}
 j - 4 scrolls of fear {unknown}
 l - 5 scrolls of identify {unknown}
 m - a scroll of random uselessness {unknown}
 o - a scroll of amnesia {unknown}
Potions
 h - a potion of might
 n - a potion of haste {unknown}
 p - a potion of brilliance {unknown}
Comestibles
 c - 5 rations


   Skills:
 - Level 1.0 Fighting
 - Level 2.0 Dodging
 - Level 6.0 Unarmed Combat
 - Level 2.0 Spellcasting
 + Level 5.8 Transmutations


You had 7 spell levels left.
You knew the following spells:

 Your Spells              Type           Power        Failure   Level  Hunger
a - Beastly Appendage     Tmut           ###...       1%          1    #......
b - Sticks to Snakes      Tmut           ###.....     2%          2    ###....

Your spell library contained the following spells:

 Spells                   Type           Power        Failure   Level  Hunger
 Spider Form              Tmut/Pois      ##........   19%         3    ###....
 Magic Dart               Conj           #...         21%         1    #......
 Blink                    Tloc           N/A          30%         2    ###....
 Call Imp                 Summ           #.......     30%         2    ###....
 Slow                     Hex            #.......     30%         2    ###....
 Blade Hands              Tmut           ###.......   45%         5    ######.
 Conjure Flame            Conj/Fire      #.......     52%         3    ###....
 Mephitic Cloud           Conj/Pois/Air  #.......     52%         3    ###....
 Ice Form                 Ice/Tmut       ##......     52%         4    #####..


Dungeon Overview and Level Annotations

Branches:
Dungeon (4/15)
 Temple: D:4-7

Altars:
Ru


Innate Abilities, Weirdness & Mutations

You cannot wear most types of armour.
You are very stealthy in the water. (Stealth+)
You are amphibious.
You can wear up to eight rings at the same time.
You can use your tentacles to constrict eight enemies at once.
Your skin changes colour to match your surroundings (Stealth+).
Your rubbery body absorbs attacks. (AC +1, EV +1)


Message History

Okay, then.
You release your grip on the worker ant.
There is an open door here.
Items here: )) [[ a +2 dagger of protection; a +0 robe; a +0 dagger; a cursed +0 robe
Found an escape hatch in the floor.
You see here a book of Maledictions.
The worker ant misses you.
Okay, then.
Casting: Beastly Appendage (safe; 1% risk of failure)
Confirm with . or Enter, or press ? or * to list all spells.
Okay, then.
Unknown command.
Casting: Beastly Appendage (safe; 1% risk of failure)
Confirm with . or Enter, or press ? or * to list all spells.
You create a snake!
You now have 1 arrow.
The worker ant bites you.
* * * LOW HITPOINT WARNING * * *
Unknown command.
The worker ant bites you.
You die...

##### ##...####
############.......####
...............###....##
###########..).#S#......
# #..#)#@### #
#..#..a..# ####
#..###.### ...# #....#.#
...########.#..###
............#......
##.#######..#.###.## #.#
#.##.# .# ##.# #.##. >.


You could see a worker ant and a friendly adder.

Vanquished Creatures
  2 ogres (D:4)
  2 hounds (D:2)
  A centaur skeleton (D:4)
  6 orc wizards
  An orc priest (D:3)
  A worker ant (D:4)
  3 adders
  An ooze (D:2)
  A worm (D:2)
  A dart slug (D:4)
  A leopard gecko (D:1)
  9 orcs (D:3)
  15 bats
  3 giant cockroaches
  12 goblins
  11 hobgoblins
  6 jackals
  A kobold (D:1)
  2 quokkas
  A ball python (D:4)
  2 frilled lizards (D:3)
  6 rats
88 creatures vanquished.

Notes
Turn   | Place    | Note
-------+----------+-------------------------------------------
     0 | D:1      | xccam the Octopode Transmuter began the quest for the Orb.
     0 | D:1      | Reached XP level 1. HP: 13/13 MP: 3/3
   132 | D:1      | Reached XP level 2. HP: 14/18 MP: 5/5
   240 | D:1      | Reached skill level 4 in Unarmed Combat
   306 | D:1      | Reached XP level 3. HP: 15/23 MP: 6/6
   770 | D:2      | Learned a level 2 spell: Sticks to Snakes
   844 | D:2      | You fall through a shaft!
   879 | D:3      | Found a sacrificial altar of Ru.
  1119 | D:2      | Reached XP level 4. HP: 21/28 MP: 5/7
  1614 | D:2      | Reached XP level 5. HP: 25/33 MP: 6/8
  1621 | D:2      | Reached skill level 5 in Unarmed Combat
  1920 | D:3      | Reached XP level 6. HP: 11/38 MP: 4/9
  2669 | D:4      | Reached skill level 6 in Unarmed Combat
  2756 | D:4      | Reached skill level 5 in Transmutations
  2756 | D:4      | Reached XP level 7. HP: 8/43 MP: 2/10
  3057 | D:4      | Slain by a worker ant

Skill      XL: |  1  2  3  4  5  6 |
---------------+-------------------+-----
Unarmed Combat | 4 5 6 |  6.0
Transmutations | 3 4 5 |  5.8
Fighting       | |  1.0
Dodging        | |  2.0
Spellcasting   | |  2.0

Action                   |  1- 3 |  4- 6 |  7- 9 || total
-------------------------+-------+-------+-------++-------
Melee: Unarmed           |   104 |    96 |    18 ||   218
       Constrict         |    29 |    22 |     5 ||    56
       Kick              |     8 |    15 |     6 ||    29
       Punch             |     4 |     1 |       ||     5
       Tentacles         |    13 |    19 |     2 ||    34
 Cast: Beastly Appendage |     9 |    10 |     1 ||    20
       Sticks to Snakes  |       |    10 |     1 ||    11
  Use: Potion            |     1 |     3 |     3 ||     7
 Stab: Sleeping          |     3 |     7 |       ||    10
  Eat: Chunk             |     1 |     6 |     1 ||     8
Armor: Skin              |    18 |     6 |       ||    24
Dodge: Dodged            |    86 |    48 |     7 ||   141
